 Dungeon Crawl Stone Soup version 0.32-a0-960-g3814254bd7 (webtiles) character file.

Game seed: 6311976121373364499

3047 Shayle the Apothecary (level 9, -5/68 HPs)
             Began as a Coglin Alchemist on Apr 17, 2024.
             Was a Follower of Vehumet.
             Killed from afar by Joseph (17 damage)
             ... with a bolt of acid
             ... on level 7 of the Dungeon.
             The game lasted 00:18:19 (6040 turns).

Shayle the Apothecary (Coglin Alchemist)            Turns: 6040, Time: 00:18:20

Health: -5/68      AC:  6    Str: 10    XL:     9   Next: 87%
Magic:  10/16      EV: 13    Int: 18    God:    Vehumet [*.....]
Gold:   348        SH:  0    Dex: 14    Spells: 13/17 levels left

rFire   . . .        f - +2 whip (venom) {Suchat}
rCold   . . .        e - +4 broad axe (elec) {Mei}
rNeg    . . .        s - +2 robe
rPois   .            y - +0 helmet
rElec   .            (no cloak)
rCorr   .            o - +0 pair of gloves
SInv    .            (no boots)
Will    .....        (amulet unavailable)
Stlth   ++           (ring unavailable)
HPRegen 0.31/turn    (ring unavailable)
MPRegen 0.15/turn    (no gizmo)

%: no passive effects
@: very slightly contaminated
A: off-hand wielding, slow wielding, warmup strikes, no jewellery
a: Invent Gizmo, Renounce Religion


You were on level 7 of the Dungeon.
You worshipped Vehumet.
Vehumet was aware of your devotion.
You visited 2 branches of the dungeon, and saw 8 of its levels.

You collected 348 gold pieces.

Inventory:

Hand Weapons
 e - a +4 broad axe of electrocution (offhand) {Mei}
 f - a +2 whip of venom (weapon) {Suchat}
 g - a +0 dagger {Qitarah}
 k - a +2 dagger of protection {Agustín}
 l - a +2 dagger of draining
 u - a +2 hand axe of electrocution {Dongyul}
Armour
 a - a +0 robe
 o - a +0 pair of gloves (worn)
 s - a +2 robe (worn)
 y - a +0 helmet (worn)
Wands
 t - a wand of acid (9)
 v - a wand of flame (30)
Scrolls
 c - a scroll of torment {unknown}
 d - a scroll of blinking {unknown}
 j - 2 scrolls of teleportation
 m - 2 scrolls of summoning {unknown}
 n - a scroll of silence {unknown}
 q - a scroll of immolation {unknown}
 r - 2 scrolls of vulnerability {unknown}
 A - 2 scrolls of identify
 B - a scroll of revelation {unknown}
 C - a scroll of enchant armour {unknown}
Potions
 b - a potion of magic
 i - 3 potions of brilliance
 p - a potion of degeneration {unknown}
 w - 3 potions of might
 x - 2 potions of mutation {unknown}
 z - 3 potions of curing
 D - a potion of haste
 E - a potion of invisibility
 F - a potion of ambrosia {unknown}


   Skills:
 + Level 5.2 Fighting
 + Level 3.3 Axes
 + Level 5.1 Dodging
 - Level 1.5 Stealth
 + Level 4.7 Spellcasting
 + Level 4.7 Conjurations
 + Level 4.3 Fire Magic
 + Level 6.6 Alchemy


You had 13 spell levels left.
You knew the following spells:

 Your Spells              Type           Power      Damage    Failure   Level
a - Sting                 Conj/Alch      96%        1d9       1%          1
b - Mephitic Cloud        Conj/Alch/Air  17%        N/A       9%          3

Your spell library contained the following spells:

 Spells                   Type           Power      Damage    Failure   Level
 Freeze                   Ice            16%        1d4       14%         1
 Magic Dart               Conj           84%        1d7       1%          1
 Searing Ray              Conj           42%        2d6       3%          2
 Kiss of Death            Conj/Necr      48%        2d9       5%          1
 Mercury Vapours          Alch/Air       32%        N/A       5%          2
 Olgreb's Toxic Radiance  Alch           28%        N/A       9%          4
 Fulminant Prism          Conj/Alch      12%        3d8       13%         4
 Sticky Flame             Fire/Alch      24%        2d6       14%         4
 Inner Flame              Hex/Fire       12%        N/A       17%         3
 Call Imp                 Summ           8%         N/A       21%         2
 Sublimation of Blood     Necr           4%         N/A       21%         2
 Flame Wave               Conj/Fire      20%        2d7       21%         4
 Confusing Touch          Hex            4%         N/A       38%         3
 Summon Blazeheart Golem  Fire/Summ      12%        N/A       50%         4
 Dispel Undead            Necr           4%         3d7       80%         4
 Eringya's Noxious Bog    Alch           14%        4d6       80%         6
 Summon Forest            Summ/Tloc      2%         N/A       98%         5
 Orb of Destruction       Conj           10%        9d6       100%        7
 Spellforged Servitor     Conj/Summ      6%         N/A       100%        7
 Summon Hydra             Summ           2%         N/A       100%        7


Dungeon Overview and Level Annotations

Branches:
Dungeon (7/15)             Temple (1/1) D:4

Altars:
Cheibriados
Dithmenos
Elyvilon
Fedhas
Gozag
Hepliaklqana
Kikubaaqudgha
Makhleb
Nemelex Xobeh
Okawaru
Sif Muna
Vehumet
Wu Jian
Xom
Yredelemnul
Zin
The Shining One

Shops:
D:1 =

Annotations:
D:6 3 runed translucent doors
D:7 Joseph


Innate Abilities, Weirdness & Mutations

You can wield a second weapon in your off-hand.
It takes a long time for you to wield or remove held weapons.
Your first few attacks do less damage.
You cannot equip rings or amulets.


Message History

The orc warrior barely misses you.
Unknown command.
You bump into the rock wall.
The orc warrior hits you from afar with a +2 halberd of protection!
The orc priest mumbles some strange prayers to Beogh against you.
Pain shoots through your body!
You feel better. The orc priest completely misses you.
The orc warrior hits you from afar with a +2 halberd of protection!!
Joseph, a Mercenary comes into view.
He is wielding a +0 quarterstaff and carrying a wand of acid.
Joseph shouts!
Joseph unwields a +0 quarterstaff.
Joseph wields a +0 sling.
Joseph shoots a sling bullet.
The sling bullet hits you!!
* * * LOW HITPOINT WARNING * * *
Okay, then.
You feel much better. The orc priest misses you.
Joseph shoots a sling bullet.
The sling bullet hits you!
Casting: Sting (safe; 1% risk of failure)
Confirm with . or Enter, or press ? or * to list all spells.
Aiming: Mephitic Cloud (dangerous; 9% risk of failure)
Press: ? - help, Shift-Dir - straight line, f - Joseph
Aim: Joseph, wielding a +0 sling, wearing a +0 leather armour and carrying a wand of acid (chance to affect: 72%)
You miscast Mephitic Cloud.
You are very lightly contaminated with residual magic.
Nothing appears to happen.
The orc priest looks braver for a moment.
Joseph zaps a wand.
The bolt of acid hits you!!
* * * LOW HITPOINT WARNING * * *
Casting: Mephitic Cloud (dangerous; 9% risk of failure)
Confirm with . or Enter, or press ? or * to list all spells.
Aiming: Mephitic Cloud (dangerous; 9% risk of failure)
Press: ? - help, Shift-Dir - straight line, f/p - Joseph
Aim: Joseph, wielding a +0 sling, wearing a +0 leather armour and carrying a wand of acid (chance to affect: 72%)
The ball explodes into a vile cloud!
The stinking cloud engulfs Joseph.
The stinking cloud engulfs the orc priest.
The orc priest is engulfed in noxious fumes.
The orc priest hits you with a +0 club.
* * * LOW HITPOINT WARNING * * *
Joseph is engulfed in noxious fumes.
Joseph zaps a wand.
The bolt of acid hits you!
You die...

#..##..##.#
#.......#.#
###...#.#.#.# #
.......<#.#.####.#
###..>..........(#
#
#.#.#####......#..
#..........###...#
...#.######.#......
#..........@.@§..#
. ..#
#.######o#§#.# ..
#.#.# #o# # ...
#...# #...# #...#
#...#


You could see Joseph, an orc warrior and an orc priest.

Vanquished Creatures
  Pikel (D:5)
  A troll (D:5)
  Sigmund (D:2)
  Edmund (D:4)
  A water moccasin (D:4)
  2 ice beasts (D:6)
  2 black bears (D:5)
  An ogre (D:4)
  2 lemures (D:5)
  A centaur (D:6)
  A bullfrog (D:6)
  2 scorpions
  5 killer bees
  2 howler monkeys
  3 bombardier beetles
  6 jellies
  6 hounds
  An orc priest (D:5)
  4 sleepcaps
  2 iguanas
  5 orc wizards
  7 gnolls
  4 adders
  2 shadow imps
  A white imp (D:6)
  4 ribbon worms
  2 dart slugs
  15 orcs
  7 ball pythons
  12 endoplasms
  A giant cockroach (D:4)
  6 goblins
  6 hobgoblins
  5 jackals
  2 quokkas
  2 bats
  5 frilled lizards
  14 kobolds
  4 rats
149 creatures vanquished.

Notes
Turn   | Place    | Note
-------+----------+-------------------------------------------
     0 | D:1      | Shayle the Coglin Alchemist began the quest for the Orb.
     0 | D:1      | Reached XP level 1. HP: 13/13 MP: 3/3
    32 | D:1      | Reached skill level 1 in Conjurations
   321 | D:1      | Reached XP level 2. HP: 16/20 MP: 4/4
   565 | D:1      | Found Kasusoux's Jewellery Shoppe.
  1072 | D:2      | Reached XP level 3. HP: 23/25 MP: 1/6
  1226 | D:2      | Reached skill level 1 in Fighting
  1336 | D:2      | Noticed Sigmund
  1345 | D:2      | Killed Sigmund
  1346 | D:2      | Reached skill level 1 in Fire Magic
  1346 | D:2      | Reached skill level 4 in Alchemy
  1346 | D:2      | Reached XP level 4. HP: 22/33 MP: 4/7
  1346 | D:2      | Reached XP level 5. HP: 25/38 MP: 4/8
  1569 | D:3      | Found a faded altar of an unknown god.
  1727 | D:3      | Reached XP level 6. HP: 44/44 MP: 9/9
  1914 | D:3      | HP: 2/44 [poisoned by a gnoll]
  1928 | D:3      | You fall into a shaft and drop 3 floors!
  2062 | D:6      | Learned a level 3 spell: Mephitic Cloud
  2072 | D:6      | Noticed an ice beast
  2075 | D:5      | Entered Level 5 of the Dungeon
  2075 | D:5      | Noticed Edmund
  2103 | D:6      | Killed an ice beast
  2371 | D:6      | Reached XP level 7. HP: 46/51 MP: 11/11
  2710 | D:6      | Noticed a rust devil
  2710 | D:6      | Noticed a rust devil
  3106 | D:3      | Reached skill level 5 in Alchemy
  3396 | D:3      | Reached XP level 8. HP: 54/58 MP: 13/13
  4107 | D:4      | Identified a scroll of acquirement
  4107 | D:4      | Acquired a +4 broad axe of electrocution
  4274 | D:4      | Found a staircase to the Ecumenical Temple.
  4284 | Temple   | Entered the Ecumenical Temple
  4357 | Temple   | Became a worshipper of Vehumet
  4722 | D:5      | Reached skill level 1 in Axes
  4783 | D:5      | Noticed Pikel
  4797 | D:5      | Killed Pikel
  4798 | D:5      | Reached XP level 9. HP: 50/66 MP: 13/15
  4898 | D:4      | Killed Edmund
  4899 | D:4      | Reached skill level 6 in Alchemy
  5321 | D:5      | Found a sparkling altar of Nemelex Xobeh.
  5465 | D:5      | Noticed a troll
  5470 | D:5      | Reached * piety under Vehumet
  5470 | D:5      | Offered knowledge of Freeze by Vehumet.
  5480 | D:5      | Killed a troll
  5481 | D:5      | Reached skill level 5 in Fighting
  5589 | D:5      | Reached skill level 5 in Dodging
  5736 | D:6      | Found a runed translucent gate.
  5736 | D:6      | Found a runed translucent gate.
  5737 | D:6      | Found a runed translucent gate.
  6036 | D:7      | Noticed Joseph
  6040 | D:7      | Killed from afar by Joseph

Illustrated notes

Levels and vault maps discovered:
D:1:      tarquinn_simple_flora_water_e, layout_loops_corners, serial_shops,
          nicolae_diamond_shop
D:2:      layout_rooms, uniq_sigmund
D:3:      cheibrodos_fertilizer, layout_loops_ring, serial_glass,
          glass_columns_a, glass_columns_a, nicolae_ecumenical_pavilion
D:4:      layout_cave_pods, minmay_temple_entry_statues_pillars
D:5:      layout_basic, nemelex_dance_club_becter, minmay_divided_ellipse,
          uniq_edmund, uniq_pikel
D:6:      cheibrodos_iron_armory, layout_loops_ring, kennysheep_generic_room_5
D:7:      lemuel_insect_pit, layout_basic, uniq_maggie, uniq_duvessa,
          uniq_joseph
Temple:   minmay_temple_bridge_d

Skill      XL: |  1  2  3  4  5  6  7  8  9 |
---------------+----------------------------+-----
Conjurations   | 1 2 3 4 |  4.7
Dodging        | 2 3 4 5 |  5.1
Spellcasting   | 2 3 4 |  4.7
Fighting       | 1 2 3 4 5 |  5.2
Fire Magic     | 1 2 3 4 |  4.3
Alchemy        | 4 5 6 |  6.6
Axes           | 2 3 |  3.3
Stealth        | |  1.5

Action                     |  1- 3 |  4- 6 |  7- 9 || total
---------------------------+-------+-------+-------++-------
  Melee: Unarmed           |     3 |       |       ||     3
         Whip              |    34 |    67 |   193 ||   294
         Dagger            |    35 |    63 |   108 ||   206
         Broad axe         |       |       |    86 ||    86
   Cast: Sting             |    20 |    15 |    33 ||    68
         Mephitic Cloud    |       |       |     5 ||     5
  Evoke: Wand              |       |     5 |       ||     5
    Use: Scroll            |     2 |       |     7 ||     9
         Potion            |       |     6 |     2 ||     8
   Stab: Sleeping          |     2 |     2 |     1 ||     5
 Armour: Robe              |    22 |    45 |   143 ||   210
         Skin              |       |     9 |       ||     9
  Dodge: Dodged            |    17 |    57 |   161 ||   235

Table legend: (Time is in decaauts)
 A = Elapsed time spent in this place.
 B = Non-inter-level travel time spent in this place.
 C = Inter-level travel time spent in this place.
 D = Time resting spent in this place.
 E = Time spent auto-exploring this place.
 F = Levels seen in this place.
 G = Mean time per level.
                   A        B        C        D        E       F      G
               +--------+--------+--------+--------+--------+-----+--------+
         Total |   6073 |   5798 |    275 |   1075 |   3227 |   8 |  759.1 |
       Dungeon |   5926 |   5796 |    130 |   1075 |   3227 |   7 |  846.6 |
        Temple |    146 |      1 |    145 |      0 |      0 |   1 |  146.0 |
               +--------+--------+--------+--------+--------+-----+--------+

Top non-repeatable levels by time:
     D:4: 1385 daAuts
     D:3: 1083 daAuts
     D:1: 1068 daAuts
     D:6: 1068 daAuts
     D:5: 783 daAuts
     D:2: 503 daAuts
  Temple: 146 daAuts
     D:7: 33 daAuts
